 Dungeon Crawl Stone Soup version 0.30-a0-634-g8abc85282e (webtiles) character file.

Game seed: 3800420460960971953

23 Dirtsage the Insei (level 2, 0/18 HPs)
             Began as an Octopode Transmuter on Jan 14, 2023.
             Slain by a jackal (2 damage)
             ... on level 2 of the Dungeon.
             The game lasted 00:01:06 (837 turns).

Dirtsage the Insei (Octopode Transmuter)             Turns: 837, Time: 00:01:07

Health: 0/18       AC:  1    Str:  9    XL:     2   Next: 95%
Magic:  4/5        EV: 13    Int: 15    God:
Gold:   94         SH:  0    Dex: 12    Spells: 4/5 levels left

rFire   . . .      SeeInvis .      - Unarmed
rCold   . . .      Faith    .    (no shield)
rNeg    . . .      Spirit   .    (helmet currently unavailable)
rPois   .          Reflect  .    (no amulet)
rElec   .          Harm     .    (no ring)
rCorr   .          Rampage  .    (no ring)
Will    .....                    (no ring)
Stlth   ++                       (no ring)
HPRegen 0.23/turn                (no ring)
MPRegen 0.09/turn                (no ring)
                                 (no ring)
                                 (no ring)

@: appendages (expiring)
A: tentacle spike 3, almost no armour, amphibious, 8 rings, camouflage 1,
gelatinous body 1, (nimble swimmer 1), tentacles
a: End Transformation


You were on level 2 of the Dungeon.
One of your tentacles had grown a beastly spike.
You visited 1 branch of the dungeon, and saw 2 of its levels.

You collected 94 gold pieces.

Inventory:

Scrolls
 b - a scroll of blinking {unknown}
 c - 3 scrolls of identify {unknown}
 e - a scroll of fear {unknown}
Potions
 a - a potion of lignification
 d - a potion of curing {unknown}


   Skills:
 - Level 1.0 Fighting
 - Level 2.0 Dodging
 - Level 3.0 Unarmed Combat
 - Level 2.0 Spellcasting
 * Level 2.7 Transmutations
 * Level 1.6 Ice Magic


You had 4 spell levels left.
You knew the following spells:

 Your Spells              Type           Power      Damage    Failure   Level
a - Beastly Appendage     Tmut           18%        N/A       8%          1

Your spell library contained the following spells:

 Spells                   Type           Power      Damage    Failure   Level
 Wereblood                Tmut           9%         N/A       11%         2
 Spider Form              Tmut/Pois      5%         N/A       36%         3
 Inner Flame              Hex/Fire       1%         N/A       54%         3
 Ice Form                 Ice/Tmut       8%         N/A       65%         4
 Flame Wave               Conj/Fire      1%         2d4       91%         4
 Sticky Flame             Conj/Fire      1%         2d3       91%         4


Dungeon Overview and Level Annotations

Branches:
Dungeon (2/15)

Altars:

Shops:
D:1 !


Innate Abilities, Weirdness & Mutations

One of your tentacles has grown a beastly spike.
You cannot wear most types of armour.
You are amphibious.
You can wear up to eight rings at the same time.
Your skin changes colour to match your surroundings (Stealth+).
Your rubbery body absorbs attacks. (AC +1, EV +1)
((You are camouflaged when in or above water. (Stealth+)))
You have tentacles for arms and can constrict up to eight enemies at once.


Message History

You constrict the jackal. The jackal closely misses you.
The jackal barely misses you. The jackal closely misses you.
You tentacle-slap the jackal but do no damage.
The jackal is heavily wounded.
You constrict the jackal. The jackal barely misses you. The jackal bites you.
The jackal closely misses you.
You tentacle-slap the jackal.
You kill the jackal!
The jackal bites you. x2; The jackal barely misses you.
You take 3 damage, and have 13/18 hp.
You tentacle-slap the jackal but do no damage.
Your grab misses the jackal. The jackal barely misses you.
The jackal bites you. x2; The jackal barely misses you. x3
You take 3 damage, and have 10/18 hp.
You barely miss the jackal. Your grab misses the jackal.
The jackal bites you but does no damage.
The jackal barely misses you. x2
You tentacle-slap the jackal but do no damage.
Your grab misses the jackal.
Your transformation is almost over.
The jackal bites you. x2
The jackal bites you but does no damage.
The jackal bites you.
* * * LOW HITPOINT WARNING * * *
The jackal barely misses you.
You take 6 damage, and have 4/18 hp.
MASSIVE DAMAGE!!
You tentacle-slap the jackal but do no damage.
Your grab misses the jackal. The jackal completely misses you.
The jackal barely misses you. The jackal bites you.
* * * LOW HITPOINT WARNING * * *
The jackal closely misses you.
You take 2 damage, and have 2/18 hp.
You closely miss the jackal. Your grab misses the jackal.
The jackal misses you. The jackal closely misses you. x2
You closely miss the jackal. You grab the jackal.
You constrict the jackal, but do no damage.
The jackal closely misses you.
The jackal bites you but does no damage.
The jackal bites you.
You die...

#+##
#...##
##.....##
##.......#
#<@.......
+hhh......
#.........
##.......#
##.....##
#...##
#+##


You could see 3 jackals.

Vanquished Creatures
  3 ball pythons (D:1)
  2 bats (D:1)
  An endoplasm (D:1)
  3 goblins (D:1)
  A hobgoblin (D:1)
  5 jackals
  2 kobolds (D:1)
  A rat (D:1)
18 creatures vanquished.

Notes
Turn   | Place    | Note
-------+----------+-------------------------------------------
     0 | D:1      | Dirtsage the Octopode Transmuter began the quest for the
                  | Orb.
     0 | D:1      | Reached XP level 1. HP: 13/13 MP: 3/3
    25 | D:1      | Found Izapparch's Distillery.
   222 | D:1      | Reached skill level 1 in Ice Magic
   222 | D:1      | Reached XP level 2. HP: 13/18 MP: 5/5
   624 | D:1      | Found a faded altar of an unknown god.
   837 | D:2      | Slain by a jackal

Illustrated notes

Levels and vault maps discovered:
D:1:      ncdulo_smallfort, layout_basic, serial_shops, shop,
          ebering_ecumenical_altar_rust, kennysheep_crisscross,
          nicolae_concentric_dashed_squares_wild
D:2:      layout_loops_corners, serial_shops, nicolae_shop_trees,
          minmay_misc_feat_iff

Skill      XL: |  1 |
---------------+----+-----
Ice Magic      | 1 |  1.6
Fighting       | |  1.0
Dodging        | |  2.0
Unarmed Combat | |  3.0
Spellcasting   | |  2.0
Transmutations | |  2.7

Action                   || total
-------------------------++-------
Melee: Unarmed           ||    45
       Constrict         ||    16
       Tentacles         ||     9
       Kick              ||     4
       Punch             ||     2
 Cast: Beastly Appendage ||     6
 Stab: Sleeping          ||     4
Armor: Skin              ||     4
Dodge: Dodged            ||    50

Table legend: (Time is in decaauts)
 A = Elapsed time spent in this place.
 B = Non-inter-level travel time spent in this place.
 C = Inter-level travel time spent in this place.
 D = Time resting spent in this place.
 E = Time spent auto-exploring this place.
 F = Levels seen in this place.
 G = Mean time per level.
                   A        B        C        D        E       F      G
               +--------+--------+--------+--------+--------+-----+--------+
         Total |    834 |    825 |      9 |      0 |    713 |   2 |  417.0 |
       Dungeon |    834 |    825 |      9 |      0 |    713 |   2 |  417.0 |
               +--------+--------+--------+--------+--------+-----+--------+

Top non-repeatable levels by time:
     D:1: 824 daAuts
     D:2: 10 daAuts
